 Dungeon Crawl Stone Soup version 0.25-a0-413-g3b4b6a4ccc (webtiles) character file.

Game seed: 11872976778981678644, levelgen mode: deterministic

75975 Roikka the Bludgeoner (level 15, -4/117 HPs)
             Began as a Demonspawn Abyssal Knight on Jan 10, 2020.
             Was the Champion of Lugonu.
             Slain by Ocaew's ghost (12 damage)
             ... on level 14 of the Dungeon on Jan 14, 2020.
             The game lasted 01:35:35 (21288 turns).

Roikka the Bludgeoner (Demonspawn Abyssal Knight)  Turns: 21288, Time: 01:35:37

Health: -4/117     AC: 14    Str: 21    XL:     15   Next: 11%
Magic:  0/21       EV: 10    Int: 14    God:    Lugonu [******]
Gold:   1435       SH: 15    Dex: 13    Spells: 14/14 levels left

rFire    + . .     SeeInvis .   N - +8 whip "Snakebite" {curare, rPois}
rCold    + . .     Gourm    .   l - +2 shield
rNeg     + . .     Faith    .   P - +2 chain mail {rC+}
rPois    +         Spirit   +   q - +0 helmet
rElec    .         Reflect  .   (no cloak)
rCorr    .         Harm     .   r - +0 pair of gloves {Str+3}
MR       +....                  (boots unavailable)
Stlth    ..........             v - amulet of regeneration
HPRegen  0.69/turn              j - ring of protection from fire
MPRegen  0.17/turn              M - ring of positive energy

@: no status effects
A: hooves 3, demonic guardian 1, magic shield, sturdy frame 3
a: Depart the Abyss, Bend Space, Banish, Corrupt, Enter the Abyss, Brand Weapon
With Distortion, Renounce Religion


You were on level 14 of the Dungeon.
You worshipped Lugonu.
Lugonu was exalted by your worship.
You were not hungry.

You visited 5 branches of the dungeon, and saw 23 of its levels.
You visited the Abyss 1 time.
You also visited: Sewer and Ice Cave.

You collected 1792 gold pieces.
You spent 357 gold pieces at shops.

Inventory:

Hand Weapons
 a - a +3 flail of venom
 b - a +2 whip of electrocution
 A - a +0 morningstar
 N - the +8 whip "Snakebite" (weapon) {curare, rPois}
   (You found it in an ice cave)

   It poisons the flesh of those it strikes.
   It protects you from poison.
Missiles
 k - 4 silver boomerangs
 w - 14 boomerangs (quivered)
 F - 5 throwing nets
Armour
 l - a +2 shield (worn)
 q - a +0 helmet (worn)
 r - a +0 pair of gloves of strength (worn)
 P - a +2 chain mail of cold resistance (worn)
Jewellery
 e - an uncursed ring of flight
 h - an uncursed ring of poison resistance
 j - a ring of protection from fire (left hand)
 s - an uncursed ring of protection from fire
 v - an amulet of regeneration (around neck)
 M - a ring of positive energy (right hand)
Wands
 o - a wand of paralysis (22)
 x - a wand of random effects (34)
 E - a wand of disintegration (35)
 G - a wand of flame (39)
 J - a wand of iceblast (24)
 Q - a wand of acid (10)
Scrolls
 f - 9 scrolls of remove curse
 i - 8 scrolls of identify
 m - 8 scrolls of teleportation
 z - 2 scrolls of enchant weapon
 H - 10 scrolls of amnesia
 L - 2 scrolls of enchant armour
 R - 3 scrolls of fog
 U - a scroll of fear
 V - a scroll of blinking
Potions
 d - a potion of heal wounds
 g - 12 potions of curing
 n - 4 potions of flight
 p - 3 potions of berserk rage
 t - 4 potions of agility
 u - 6 potions of brilliance
 y - a potion of magic
 C - 2 potions of mutation
 D - a potion of cancellation
 I - 3 potions of invisibility
 K - 7 potions of lignification
 S - a potion of might {unknown}
Miscellaneous
 B - a fan of gales
Comestibles
 c - 40 rations
 O - 5 chunks of flesh


   Skills:
 + Level 10.5 Fighting
 - Level 16.0 Maces & Flails
 - Level 6.0 Armour
 - Level 0.8 Dodging
 + Level 13.7 Shields
 + Level 9.1 Invocations


You had 14 spell levels left.
You didn't know any spells.
Your spell library contained the following spells:

 Spells                   Type           Power        Failure   Level  Hunger
 Beastly Appendage        Tmut           #.....       56%         1    ##.....
 Corona                   Hex            #......      56%         1    ##.....
 Summon Butterflies       Summ           #.......     56%         1    ##.....
 Slow                     Hex            #.......     71%         2    ###....
 Sticks to Snakes         Tmut           #.......     71%         2    ###....
 Call Canine Familiar     Summ           #.......     91%         3    ####...
 Inner Flame              Hex/Fire       #.......     91%         3    ####...
 Portal Projectile        Hex/Tloc       #.....       91%         3    ####...
 Spider Form              Tmut/Pois      #.........   91%         3    ####...
 Summon Guardian Golem    Hex/Summ       #.......     91%         3    ####...
 Cause Fear               Hex            #.........   100%        4    #####..
 Ice Form                 Ice/Tmut       #.......     100%        4    #####..
 Leda's Liquefaction      Hex/Erth       #.........   100%        4    #####..
 Summon Ice Beast         Ice/Summ       #.......     100%        4    #####..
 Blade Hands              Tmut           #.........   100%        5    ######.
 Silence                  Hex/Air        #.........   100%        5    ######.
 Summon Mana Viper        Hex/Summ       #.......     100%        5    ######.
 Yara's Violent Unravell  Hex/Tmut       #.........   100%        5    ######.
 Deflect Missiles         Chrm/Air       #.........   100%        6    #######
 Eringya's Noxious Bog    Tmut/Pois      #.........   100%        6    #######
 Summon Hydra             Summ           #.........   100%        7    #######
 Discord                  Hex            #.........   100%        8    #######


Dungeon Overview and Level Annotations

Branches:
Dungeon (14/15)            Temple (1/1) D:6            Lair (6/6) D:10
 Shoals (0/4) Lair:2        Snake (0/4) Lair:2        Slime (1/5) Lair:6
    Orc (1/2) D:10         Vaults (0/5) D:14          Sewer (visited)
  IceCv (visited)

Altars:
Cheibriados
Dithmenos
Elyvilon
Makhleb
Okawaru
Vehumet
Xom
Zin

Shops:
D:4 =   D:5 ?   D:7 (!!}=   D:8 !

Portals:
Trove: D:14 (give 2 scrolls of acquirement)

Annotations:
D:14 Ocaew's ghost, journeyman HONe
Lair:1 exclusion: fire dragon


Innate Abilities, Weirdness & Mutations

You have hooves in place of feet.
A weak demonic guardian rushes to your aid.
When hurt, damage is shared between your health and your magic reserves.
Your movements are significantly less encumbered by armour. (ER -6)


Message History

The tengu warrior hits you but does no damage.
The tengu warrior pecks you but does no damage.
The tengu warrior claws you.
The orc warlord hits you with a +3 battleaxe!
You're too confused to move!
The deep elf archer blinks!
The tengu warrior closely misses you. The tengu warrior barely misses you.
The tengu warrior claws you but does no damage.
The orc warlord hits you with a +3 battleaxe!!
The orc knight roars a battlecry!
The orc warlord goes into a battle-frenzy!
Okay, then.
You're too confused!
Your magical effects are unravelling.
You feel magically purged.
You feel less confused.
The deep elf archer blinks!
The orc warlord hits you with a +3 battleaxe!!!
* * * LOW HITPOINT WARNING * * *
Ocaew's ghost hits you!
You die...

####.####
#.#8...8#.#
#...... #.#
#.....e...#
#...... #.#
#.#8..e8#.#
###.#...# #.#
#.........#
......... #.#
####m§'####
###..>... .)#
#..Qoce...#
#...... # ###
####Qm#####
###...# ###
#W###### ##.## ..#
#@o..<.# ####.#
#.# #(####.#
#....# ###
#5#.##.#####.#..#
#.#####.##
#...............##
.......#.#
#.#.##.#####......
#.####...#
#.#.##.#####.#...#
.. #.#.#
#.#........#......
######.#.####
#......###.#.....#
#....#....#
###....# #.####.##


You could see an orc warlord, a merfolk impaler, a merfolk javelineer, an orc
knight, 2 tengu warriors, a centaur warrior, 3 deep elf archers, Ocaew's ghost
and a friendly ufetubus.

Vanquished Creatures
  Gastronok (Lair:2)
  A fire dragon (Lair:6)
  Harold (D:7)
  5 hydras
  2 centaur warriors
  3 two-headed ogres
  Sonja (Orc:1)
  2 unseen horrors
  A swamp dragon (Lair:6)
  A necromancer (D:14)
  Pikel (D:7)
  A manticore (D:12)
  6 ugly things
  3 merfolk sirens (Lair:2)
  6 black mambas
  2 ice statues (IceCv)
  21 elephants
  Psyche (D:9)
  3 gargoyles
  11 spiny frogs
  2 rime drakes
  A kobold demonologist (D:12)
  A komodo dragon (shapeshifter) (D:14)
  7 komodo dragons
  10 ice devils
  A freezing wraith (D:14)
  A merfolk (Lair:2)
  12 polar bears
  4 trolls
  2 raiju (Lair:6)
  Prince Ribbit (D:9)
  7 hippogriffs
  13 blink frogs
  5 dream sheep (Lair:5)
  10 slime creatures (Lair:6)
  A shadow (D:14)
  A spriggan (D:8)
  4 wyverns
  43 yaks
  5 basilisks
  4 steam dragons
  2 vampire mosquitoes (D:14)
  8 wargs
  2 acid dragons
  10 porcupines
  19 water moccasins
  13 hell hounds (Lair:6)
  3 ice beasts
  2 swamp drakes (Lair:6)
  8 orc warriors
  5 sky beasts
  3 phantoms
  30 wolves
  13 black bears
  11 centaurs
  2 eyes of draining
  5 ogres
  14 crocodiles
  A big kobold (D:12)
  13 bullfrogs
  A water moccasin zombie (D:7)
  A wyvern skeleton (D:14)
  A scorpion (D:11)
  31 killer bees
  2 howler monkeys
  9 wights
  14 crimson imps
  2 centaur zombies
  A bullfrog zombie (D:4)
  6 centaur skeletons
  16 orc priests
  2 gnoll shamans
  8 hounds
  5 jellies
  2 bullfrog skeletons
  5 iguanas
  14 orc wizards
  14 worker ants
  2 hound zombies
  2 hound skeletons
  3 worker ant zombies
  Robin (D:3)
  9 gnolls
  22 adders
  2 river rats (D:5)
  2 shadow imps
  4 white imps (IceCv)
  11 ufetubi (IceCv)
  An ooze (D:3)
  2 adder zombies (D:4)
  2 adder skeletons (D:4)
  3 worms
  7 dart slugs
  8 leopard geckos
  60 orcs
  8 giant cockroaches
  15 goblins
  16 hobgoblins
  12 jackals
  15 kobolds
  4 quokkas
  9 ball pythons
  5 bats
  8 frilled lizards
  A jackal skeleton (D:4)
  A jackal zombie (D:8)
  A leopard gecko skeleton (D:4)
  A leopard gecko zombie (D:4)
  A quokka skeleton (D:9)
  A quokka zombie (D:4)
  14 rats
  5 plants (Sewer)
764 creatures vanquished.

Vanquished Creatures (collateral kills)
  2 ugly things
  An elephant (Lair:5)
  2 black mambas
  A gargoyle (D:10)
  A spiny frog (Lair:5)
  2 komodo dragons (Lair:3)
  A blink frog (Lair:3)
  A hippogriff (Lair:2)
  Sigmund (D:4)
  2 yaks (Lair:5)
  A basilisk (Lair:3)
  A warg (D:10)
  2 insubstantial wisps (D:9)
  An ice beast (D:5)
  2 black bears
  A crocodile (Lair:4)
  2 bullfrogs
  Blork the orc (D:4)
  A scorpion (D:4)
  A killer bee (D:10)
  A howler monkey (D:9)
  A jelly (D:8)
  A centaur skeleton (D:9)
  An orc priest (D:12)
  A hound (D:4)
  2 orc wizards
  An iguana (Lair:6)
  A worker ant (D:4)
  An adder (Lair:2)
  6 orcs
  A frilled lizard (D:4)
  A fungus (Lair:5)
45 creatures vanquished.

Vanquished Creatures (others)
  A reaper (IceCv)
  A sky beast (D:9)
  4 white imps (IceCv)
  An ufetubus (IceCv)
  13 fungi
  22 plants
42 creatures vanquished.

Grand Total: 851 creatures vanquished

Notes
Turn   | Place    | Note
-------+----------+-------------------------------------------
     0 | Abyss:1  | Roikka the Demonspawn Abyssal Knight began the quest for
                  | the Orb.
     0 | Abyss:1  | Reached XP level 1. HP: 18/18 MP: 2/2
    11 | D:1      | Escaped the Abyss
    81 | D:1      | Reached skill level 2 in Maces & Flails
   247 | D:1      | Gained mutation: Your movements are slightly less
                  | encumbered by armour. (ER -2) [demonic ancestry]
   247 | D:1      | Reached XP level 2. HP: 22/24 MP: 3/3
   339 | D:1      | Reached skill level 1 in Shields
   356 | D:1      | Reached ** piety under Lugonu
   746 | D:1      | Gained mutation: A weak demonic guardian rushes to your
                  | aid. [demonic ancestry]
   746 | D:1      | Reached XP level 3. HP: 24/29 MP: 4/4
   981 | D:2      | Reached skill level 3 in Maces & Flails
  1385 | D:2      | Reached XP level 4. HP: 30/35 MP: 5/5
  1774 | D:2      | Found a white marble altar of Elyvilon.
  2136 | D:3      | Reached skill level 4 in Maces & Flails
  2291 | D:3      | Gained mutation: When hurt, damage is shared between your
                  | health and your magic reserves. [demonic ancestry]
  2291 | D:3      | Reached XP level 5. HP: 40/41 MP: 6/6
  2300 | D:3      | Reached *** piety under Lugonu
  2533 | D:3      | Noticed Robin
  2584 | D:3      | Killed Robin
  2934 | D:4      | Noticed Sigmund
  2944 | D:4      | Killed Sigmund
  2944 | D:4      | Gained mutation: You have large cloven feet. [demonic
                  | ancestry]
  2944 | D:4      | Reached XP level 6. HP: 36/47 MP: 5/7
  2947 | D:4      | Reached skill level 5 in Maces & Flails
  3145 | D:4      | Found Ivyczufy's Jewellery Shop.
  3249 | D:4      | Reached **** piety under Lugonu
  3340 | D:4      | Noticed Blork the orc
  3351 | D:4      | Killed Blork the orc
  3351 | D:4      | Gained mutation: Your movements are less encumbered by
                  | armour. (ER -4) [demonic ancestry]
  3351 | D:4      | Reached XP level 7. HP: 51/52 MP: 6/8
  3380 | D:4      | Reached skill level 6 in Maces & Flails
  3645 | D:5      | Entered Level 5 of the Dungeon
  3645 | D:5      | Found Noror's Magic Scroll Boutique.
  3710 | D:5      | Found an iron altar of Okawaru.
  3825 | D:5      | Found a glowing silver altar of Zin.
  4040 | D:5      | Found a snail-covered altar of Cheibriados.
  4125 | D:5      | Reached skill level 7 in Maces & Flails
  4158 | D:5      | Found a glowing drain.
  4164 | Sewer    | Entered a sewer
  4440 | Sewer    | Reached ***** piety under Lugonu
  5073 | D:5      | Reached XP level 8. HP: 60/60 MP: 6/9
  5257 | D:4      | Bought an uncursed ring of poison resistance for 240 gold
                  | pieces
  5454 | D:6      | Reached skill level 8 in Maces & Flails
  5642 | D:6      | Found a staircase to the Ecumenical Temple.
  5673 | Temple   | Entered the Ecumenical Temple
  5704 | D:6      | Reached skill level 5 in Fighting
  6097 | D:7      | Found Tyqia's Antique Weapon Boutique.
  6230 | D:7      | Found Vagiar Hetza's Distillery.
  6237 | D:7      | Bought a potion of curing for 39 gold pieces
  6237 | D:7      | Bought a potion of degeneration for 13 gold pieces
  6237 | D:7      | Bought a potion of berserk rage for 65 gold pieces
  6286 | D:7      | Found Raunuj's Jewellery Shoppe.
  6299 | D:7      | Noticed Pikel
  6310 | D:7      | Killed Pikel
  6310 | D:7      | Reached skill level 9 in Maces & Flails
  6310 | D:7      | Gained mutation: Your movements are significantly less
                  | encumbered by armour. (ER -6) [demonic ancestry]
  6310 | D:7      | Reached XP level 9. HP: 46/69 MP: 7/12
  6367 | D:7      | Found Mirr's Distillery.
  6383 | D:7      | Noticed Harold
  6393 | D:7      | Paralysed by Harold for 6 turns
  6410 | D:7      | Killed Harold
  6410 | D:7      | Reached skill level 5 in Invocations
  6459 | D:7      | Reached skill level 10 in Maces & Flails
  6659 | D:7      | Found Burad's Gadget Boutique.
  6792 | D:8      | Found Kitun's Distillery.
  7092 | D:8      | Reached XP level 10. HP: 73/77 MP: 15/15
  7650 | D:9      | Reached skill level 5 in Shields
  7956 | D:9      | Noticed Psyche
  7961 | D:9      | Reached skill level 11 in Maces & Flails
  7969 | D:9      | Killed Psyche
  8194 | D:9      | Noticed a two-headed ogre
  8206 | D:9      | Killed a two-headed ogre
  8295 | D:9      | Noticed Prince Ribbit
  8302 | D:9      | Killed Prince Ribbit
  8496 | D:9      | Got a creamy pearl robe
  8497 | D:9      | Identified the +1 robe of the Invisible Mice {rCorr Str+4
                  | Int+2} (You found it on level 9 of the Dungeon)
  8795 | D:10     | Entered Level 10 of the Dungeon
  8809 | D:10     | Reached ****** piety under Lugonu
  8814 | D:10     | Noticed a gargoyle
  8835 | D:10     | Killed a gargoyle
  8835 | D:10     | Gained mutation: You have hoof-like feet. [demonic
                  | ancestry]
  8835 | D:10     | Reached XP level 11. HP: 25/84 MP: 6/17
  9044 | D:10     | Found a staircase to the Lair.
  9321 | D:10     | Found a staircase to the Orcish Mines.
  9351 | Orc:1    | Entered Level 1 of the Orcish Mines
  9351 | Orc:1    | Found a burning altar of Makhleb.
  9445 | Orc:1    | Noticed Sonja
  9494 | Orc:1    | Killed Sonja
  9539 | Lair:1   | Entered Level 1 of the Lair of Beasts
  9658 | Lair:1   | Noticed a six-headed hydra
  9670 | Lair:1   | Killed a six-headed hydra
  9865 | Lair:1   | Reached skill level 12 in Maces & Flails
 10045 | Lair:1   | Noticed a fire dragon
 10700 | Lair:2   | Found a staircase to the Snake Pit.
 10827 | Lair:2   | Noticed an eight-headed hydra
 10853 | Lair:2   | Killed an eight-headed hydra
 10953 | Lair:2   | Noticed Gastronok
 10976 | Lair:2   | Killed Gastronok
 11016 | Lair:2   | Found a staircase to the Shoals.
 11054 | Lair:2   | Reached XP level 12. HP: 92/92 MP: 18/18
 11739 | Lair:3   | Reached skill level 13 in Maces & Flails
 12128 | Lair:3   | Reached skill level 10 in Shields
 12315 | Lair:3   | Reached skill level 5 in Armour
 13751 | Lair:4   | Reached XP level 13. HP: 91/98 MP: 17/19
 14069 | Lair:5   | Found a frozen archway.
 14081 | Lair:5   | Reached skill level 14 in Maces & Flails
 14086 | IceCv    | Entered an ice cave
 14207 | IceCv    | Killed a reaper
 14589 | IceCv    | Got a pair of encrusted gloves
 14600 | IceCv    | Identified the -1 pair of gloves "Zucoav" {-Tele Slay+5}
                  | (You found it in an ice cave)
 14890 | IceCv    | Found the +8 whip "Snakebite" {curare, rPois}
 14894 | IceCv    | Identified Xopierr's Volume of Supportive Transmutation
 16253 | Lair:6   | Entered Level 6 of the Lair of Beasts
 16320 | Lair:6   | Found a staircase to the Slime Pits.
 16599 | Lair:6   | Gained mutation: You have hooves in place of feet. [demonic
                  | ancestry]
 16599 | Lair:6   | Reached XP level 14. HP: 89/108 MP: 16/20
 16618 | Lair:6   | Reached skill level 15 in Maces & Flails
 17951 | Lair:6   | Upgraded the game from 0.25-a0-404-gc1b5a34292 to
                  | 0.25-a0-410-g53dbb631d1
 18025 | Slime:1  | Entered Level 1 of the Pits of Slime
 18027 | Slime:1  | Noticed an acid blob
 18880 | D:11     | Reached skill level 10 in Fighting
 19231 | D:11     | Upgraded the game from 0.25-a0-410-g53dbb631d1 to
                  | 0.25-a0-413-g3b4b6a4ccc
 19879 | D:12     | Reached skill level 16 in Maces & Flails
 20886 | D:14     | Reached XP level 15. HP: 115/115 MP: 21/21
 21008 | D:14     | Found a portal to a secret trove of treasure.
 21062 | D:14     | Found a shadowy altar of Dithmenos.
 21244 | D:14     | Found a gate to the Vaults.
 21269 | D:14     | Found a runed translucent gate.
 21270 | D:14     | Found a runed translucent gate.
 21270 | D:14     | Noticed an orc warlord
 21271 | D:14     | Found a runed translucent gate.
 21272 | D:14     | Noticed Ocaew's ghost (journeyman HONe)
 21275 | D:14     | Found an iron altar of Okawaru.
 21288 | D:14     | Slain by Ocaew's ghost

Levels and vault maps discovered:
D:1:      dpeg_arrival_three_smaller_balls, layout_rooms, feat_on_display
D:2:      layout_rooms, first_ration, elyvilon_altar_1
D:3:      layout_loops_cross, minivault_5, uniq_robin
D:4:      layout_loops_ring, serial_undead, serial_undead_f, serial_undead_d,
          serial_undead_d, serial_undead_d, serial_shops, nicolae_shop_stone,
          grunt_decor_arrowhead, uniq_blork_the_orc, uniq_sigmund
D:5:      layout_basic, lemuel_round_altar, kennysheep_slug_shrine,
          portal_sewer_entry_e, serial_shops, nicolae_shop_stone,
          okawaru_metal_pillars_1_2
D:6:      layout_loops_ring, minmay_temple_entry_offerings,
          minmay_misc_feat_doors, minmay_misc_feat_hallway
D:7:      layout_cave_pools, serial_shops, shop, kennysheep_mini, shop, shop,
          nicolae_shop_statue_plus, uniq_harold, uniq_pikel
D:8:      layout_basic, serial_shops, shop, the_bakery
D:9:      layout_grid_maze, hangedman_misty_isle, uniq_psyche,
          uniq_prince_ribbit1
D:10:     layout_cross, erik_lair_orcish_takeover, orc_0_dummy
D:11:     minmay_razor_zed, layout_loops_ring
D:12:     layout_roguey
D:13:     layout_long_grid, serial_glass, glass_columns_a, glass_columns_c,
          glass_columns_a, glass_columns_a
D:14:     layout_loops_corners, david_vaults_1, nicolae_trove_entry_free_sample,
          gammafunk_ghost_fury_of_okawaru, grunt_dithmenos_smoke_and_mirrors
Temple:   regret_index_temple_chain_breaker
Lair:1:   dragon1_lemuel, layout_hall_layers, grunt_megastairs_2,
          serial_bayou_shore_b
Lair:2:   layout_misc_corridors, elwin_shoals_entry_stream,
          minmay_snake_entry_six_corridors, lemuel_fruit_tree, uniq_gastronok
Lair:3:   layout_small_grid, cheibrodos_lair_reptile_den, grunt_megastairs_4,
          serial_bayou_shore_b
Lair:4:   layout_small_grid, nicolae_lair_grove_arrangements,
          beast_lair_carwin_3
Lair:5:   layout_layer_cave, portal_ice_cave_demonic_guard
Lair:6:   hangedman_lair_caniforms_friends, layout_regular_city,
          guppyfry_lair_end_dragon, minmay_slime_entry_pillars
Slime:1:  layout_caves
Orc:1:    lemuel_ogre_cave, layout_diamond_mine, serial_shops, shop,
          nicolae_alphabet_shops, bloody_makhleb, uniq_sonja

Skill      XL: |  1  2  3  4  5  6  7  8  9 10 11 12 13 14 15 |
---------------+----------------------------------------------+-----
Maces & Flails | 2 3 4 5 7 9 10 11 12 13 14 16 | 16.0
Shields        | 1 2 3 4 6 8 10 12 13 | 13.7
Fighting       | 5 6 7 8 9 10 | 10.5
Invocations    | 4 7 8 9 |  9.1
Armour         | 3 5 6 |  6.0
Dodging        | |  0.8

Action                   |  1- 3 |  4- 6 |  7- 9 | 10-12 | 13-15 || total
-------------------------+-------+-------+-------+-------+-------++-------
Melee: Mace              |   116 |   209 |       |       |       ||   325
       Morningstar       |       |    55 |   103 |       |       ||   158
       Flail             |       |       |   320 |   424 |   165 ||   909
       Whip              |       |       |   137 |   705 |  1392 ||  2234
       Kick              |       |       |       |       |   314 ||   314
Throw: Boomerang         |       |       |    27 |     9 |    19 ||    55
Invok: Bend Space        |       |       |       |       |     3 ||     3
  Use: Scroll            |       |     6 |    11 |     5 |    12 ||    34
       Potion            |       |       |       |       |     5 ||     5
 Stab: Sleeping          |     1 |     2 |       |       |       ||     3
       Distracted        |       |     2 |     1 |     7 |     7 ||    17
       Invisible         |       |       |       |     1 |       ||     1
  Eat: Chunk             |     2 |     7 |    13 |    18 |    23 ||    63
       Ration            |       |       |       |     1 |     1 ||     2
Armor: Leather armour    |    33 |    38 |       |       |       ||    71
       Ring mail         |       |    22 |   122 |    50 |       ||   194
       Robe              |       |     6 |       |       |       ||     6
       Chain mail        |       |       |       |   349 |   375 ||   724
Dodge: Dodged            |    81 |   103 |   221 |   416 |   310 ||  1131
Block: Buckler           |    24 |    56 |   105 |    99 |       ||   284
       Shield            |       |       |       |   346 |   699 ||  1045

Table legend:
 A = Non-vault XP
 B = Vault XP
 C = Vault XP percentage of total XP
 D = Non-vault monster count
 E = Vault monster count
 F = Vault count percentage of total count
                 A         B        C        D         E       F
            +---------+---------+-------+---------+---------+-------
      Total |   74618 |   33918 |  31.3 |     585 |     219 |  27.2
            +---------+---------+-------+---------+---------+-------
        D:1 |      49 |       0 |   0.0 |      25 |       0 |   0.0
        D:2 |      95 |       4 |   4.0 |      20 |       2 |   9.1
        D:3 |      93 |      34 |  26.8 |      28 |      11 |  28.2
        D:4 |     268 |     464 |  63.4 |      21 |      16 |  43.2
        D:5 |     448 |      39 |   8.0 |      21 |       9 |  30.0
        D:6 |     874 |       0 |   0.0 |      22 |       0 |   0.0
        D:7 |     723 |    1508 |  67.6 |      18 |       2 |  10.0
        D:8 |    1550 |     215 |  12.2 |      35 |       1 |   2.8
        D:9 |    2896 |    1386 |  32.4 |      41 |       9 |  18.0
       D:10 |    1766 |     403 |  18.6 |      27 |       6 |  18.2
       D:11 |    4328 |     997 |  18.7 |      46 |       6 |  11.5
       D:12 |    7118 |       0 |   0.0 |      51 |       0 |   0.0
       D:13 |    4431 |       0 |   0.0 |      23 |       0 |   0.0
       D:14 |    5721 |    1164 |  16.9 |      18 |       3 |  14.3
     Lair:1 |    1845 |      90 |   4.7 |      11 |       1 |   8.3
     Lair:2 |    4295 |    5361 |  55.5 |      18 |      22 |  55.0
     Lair:3 |    6929 |    1196 |  14.7 |      30 |       4 |  11.8
     Lair:4 |    8030 |    1453 |  15.3 |      36 |       5 |  12.2
     Lair:5 |   10325 |     696 |   6.3 |      37 |       2 |   5.1
     Lair:6 |   12455 |   14685 |  54.1 |      42 |      72 |  63.2
      Orc:1 |     379 |     440 |  53.7 |      15 |       1 |   6.2
      Sewer |       0 |      38 | 100.0 |       0 |      22 | 100.0
      IceCv |       0 |    3745 | 100.0 |       0 |      25 | 100.0
            +---------+---------+-------+---------+---------+-------
